 Dungeon Crawl Stone Soup version 0.31.0-12-g77e489cdc1 (webtiles) character file.

Game seed: 1859096708394822450

5100 monsoonserge the Mimic (level 10, 0/63 HPs)
             Began as an Octopode Shapeshifter on Feb 25, 2024.
             Was an Initiate of Gozag.
             Slain by a bullfrog (2 damage)
             ... on level 8 of the Dungeon.
             The game lasted 00:27:24 (7280 turns).

monsoonserge the Mimic (Octopode Shapeshifter)      Turns: 7280, Time: 00:27:25

Health: 0/63       AC:  1    Str: 18    XL:     10   Next: 57%
Magic:  10/10      EV: 13    Int: 13    God:    Gozag
Gold:   49         SH:  0    Dex:  7    Spells: 9/9 levels left

rFire   + .          .
                       - Unarmed
rCold   . . .        (shield currently unavailable)
rNeg    . . .        (helmet restricted)
rPois   .            B - amulet of regeneration
rElec   .            j - ring of protection from fire
rCorr   +            E - ring of flight
SInv    .            G - ring of the Sunfish {Will+ rCorr Dex-4 Stlth+}
Will    +....        (no ring)
Stlth   +++++        (no ring)
HPRegen 1.10/turn    (no ring)
MPRegen 0.12/turn    (no ring)
                     (no ring)

%: no passive effects
@: lethally poisoned (0 -> -2), blade tentacles, gold aura, flying, hasted, very
quick
A: almost no armour, amphibious, 8 rings, camouflage 1, gelatinous body 1,
(nimble swimmer 1), tentacles
a: Begin Untransformation, Renounce Religion, Potion Petition, Call Merchant,
Bribe Branch


You were on level 8 of the Dungeon.
You worshipped Gozag.
Gozag was noncommittal.
You had blades for main tentacles.
You visited 2 branches of the dungeon, and saw 9 of its levels.
You also visited: Sewer.

You collected 583 gold pieces.
You spent 390 gold pieces at shops.
You paid 144 gold pieces to Gozag.

Inventory:

Missiles
 e - 14 boomerangs
 p - 3 darts of dispersal
 A - 28 poisoned darts
Jewellery
 j - a ring of protection from fire (left blade tentacle)
 n - a ring of ice
 y - a ring of ice
 B - an amulet of regeneration (around mantle)
 E - a ring of flight (right blade tentacle)
 G - the ring of the Sunfish (on tentacle) {Will+ rCorr Dex-4 Stlth+}
   (You bought it in a shop on level 6 of the Dungeon)

   [ring of resist corrosion]

   Dex-4:     It affects your dexterity (-4).
   Will+:     It increases your willpower.
   rCorr:     It protects you from acid and corrosion.
   Stlth+:    It makes you more stealthy.
Talismans
 b - a beast talisman
 c - a flux talisman
 q - a blade talisman (active)
Wands
 D - a wand of flame (44) (quivered)
 F - a wand of roots (10)
Scrolls
 d - a scroll of brand weapon {unknown}
 g - 2 scrolls of immolation {unknown}
 h - a scroll of enchant weapon {unknown}
 i - 6 scrolls of identify {unknown}
 o - a scroll of blinking
 r - 5 scrolls of fear {unknown}
 t - a scroll of vulnerability {unknown}
 u - 5 scrolls of teleportation
 x - a scroll of poison {unknown}
 z - 3 scrolls of revelation {unknown}
 C - a scroll of acquirement {unknown}
Potions
 a - a potion of lignification
 f - 2 potions of mutation {unknown}
 k - 3 potions of haste
 l - 4 potions of curing {unknown}
 m - 2 potions of degeneration {unknown}
 s - 2 potions of heal wounds {unknown}
 v - a potion of ambrosia {unknown}
Miscellaneous
 w - a phantom mirror


   Skills:
 + Level 3.2 Fighting
 + Level 1.0 Throwing
 + Level 3.4 Dodging
 + Level 5.5 Stealth
 + Level 9.5 Unarmed Combat
 - Level 1.3 Earth Magic
 * Level 2.1 Evocations
 + Level 10.1 Shapeshifting


You had 9 spell levels left.
You didn't know any spells.
Your spell library contained the following spells:

 Spells                   Type           Power      Damage    Failure   Level
 Necrotise                Necr           0%         1d4       30%         1
 Ensorcelled Hibernation  Hex/Ice        0%         N/A       43%         2
 Jinxbite                 Hex            0%         N/A       43%         2
 Sublimation of Blood     Necr           0%         N/A       43%         2
 Passwall                 Erth           3%         N/A       50%         3
 Swiftness                Air            0%         N/A       67%         3
 Vampiric Draining        Necr           0%         2d6       67%         3
 Petrify                  Alch/Erth      1%         N/A       94%         4
 Martyr's Knell           Necr/Summ      0%         N/A       97%         4
 Curse of Agony           Necr           0%         N/A       100%        5
 Irradiate                Conj/Alch      0%         3d11      100%        5
 Yara's Violent Unravell  Hex/Alch       0%         3d3       100%        5
 Enfeeble                 Hex            0%         N/A       100%        7


Dungeon Overview and Level Annotations

Branches:
Dungeon (8/15)             Temple (1/1) D:7           Sewer (visited)
   Lair: D:8-11

Altars:
Ashenzari
Cheibriados
Dithmenos
Elyvilon
Fedhas
Gozag
Hepliaklqana
Makhleb
Nemelex Xobeh
Qazlal
Ru
Sif Muna
Trog
Uskayaw
Vehumet
Wu Jian
Xom
Yredelemnul
Zin
The Shining One

Shops:
D:6 =[?!(

Annotations:
D:3 3 runed translucent doors, DanteGrimm's ghost, weakling DsCK


Innate Abilities, Weirdness & Mutations

You have blades for main tentacles.
You are incapable of wielding weapons or throwing items.
You cannot wear most types of armour.
You are amphibious.
You can wear up to eight rings at the same time.
Your skin changes colour to match your surroundings (Stealth+).
Your rubbery body absorbs attacks. (AC +1, EV +1)
((You are camouflaged when in or above water. (Stealth+)))
You have tentacles for arms and can constrict up to eight enemies at once.


Message History

You feel very sick.
The orc is no longer distracted by gold.
The killer bee misses you. The bullfrog hits you! The orc barely misses you.
You barely miss the orc priest. You grab the orc priest.
You constrict the orc priest.
You feel sick. The killer bee misses you. The bullfrog barely misses you.
The killer bee stings you.
You are more poisoned.
The killer bee poisons you! The orc closely misses you.
The orc priest is distracted by your dazzling golden aura.
The orc priest shouts!
You slice the killer bee!!
You kill the killer bee!
You constrict the orc priest.
You feel very sick. The bullfrog barely misses you.
Unknown command.
You closely miss the bullfrog. Your grab misses the bullfrog.
You squeeze the bullfrog.
The bullfrog is lightly wounded.
You constrict the orc priest.
You feel very sick.
The bullfrog is distracted by your dazzling golden aura.
The orc hits you with a +0 dagger.
The bullfrog gives a loud, deep croak!
You slash the bullfrog!
The bullfrog is no longer distracted by gold.
Your grab misses the bullfrog. You squeeze the bullfrog.
The bullfrog is almost dead.
You constrict the orc priest.
You feel sick. The bullfrog hits you!
* * * LOW HITPOINT WARNING * * *
The orc hits you but does no damage. The bullfrog hits you.
* * * LOW HITPOINT WARNING * * *
It was a potion of haste.
You feel yourself speed up.
You constrict the orc priest.
* * * LOW HITPOINT WARNING * * *
You feel very sick.
The bullfrog releases a deep croak.
The bullfrog hits you.
You die...
Your body crumbles into a pile of gold.

#...........###..............#
##.....#####..............######
#.[...............#######.......
#......####.......# #.......
#....#######.......# #.......
##.## ..........# #....... .##
..........# #....... ......o.$.#
#....... ###....@$.# ########
#...Fo$.# #.....).# #.........
#.######... #.. #. ..... #.# .
#.... . .... .# #.


You could see a bullfrog, an orc priest and an orc.

Vanquished Creatures
  2 two-headed ogres (D:7)
  Maurice (D:7)
  A shadow (D:8)
  Sigmund (D:3)
  2 water moccasins
  Duvessa (D:6)
  2 ice beasts
  A sky beast (D:8)
  2 black bears
  2 orc warriors
  2 boggarts (D:7)
  An ogre (D:5)
  A centaur (D:7)
  2 kobold brigands
  3 bullfrogs
  8 scorpions
  3 wights (D:8)
  Dowan (D:6)
  3 killer bees (D:8)
  A bombardier beetle (D:5)
  3 hounds
  Crazy Yiuf (D:7)
  4 orc priests
  3 jellies
  A sleepcap (D:6)
  Jessica (D:2)
  Terence (D:3)
  An iguana (D:5)
  3 orc wizards
  12 adders
  2 shadow imps
  A white imp (D:7)
  7 dart slugs
  8 ribbon worms
  31 orcs
  12 ball pythons
  7 bats
  8 endoplasms
  16 giant cockroaches
  7 goblins
  5 hobgoblins
  12 jackals
  3 quokkas
  9 frilled lizards
  15 kobolds
  8 rats
221 creatures vanquished.

Notes
Turn   | Place    | Note
-------+----------+-------------------------------------------
     0 | D:1      | monsoonserge the Octopode Shapeshifter began the quest for
                  | the Orb.
     0 | D:1      | Reached XP level 1. HP: 13/13 MP: 1/1
    88 | D:1      | Reached XP level 2. HP: 15/18 MP: 2/2
   241 | D:1      | Reached XP level 3. HP: 12/23 MP: 3/3
   304 | D:1      | Reached skill level 1 in Stealth
   731 | D:2      | Noticed Jessica
   789 | D:2      | Reached XP level 4. HP: 28/28 MP: 4/4
   887 | D:2      | Found a faded altar of an unknown god.
   951 | D:2      | Reached skill level 5 in Unarmed Combat
  1104 | D:2      | Killed Jessica
  1105 | D:2      | Reached XP level 5. HP: 28/33 MP: 5/5
  1485 | D:3      | Found a runed translucent gate.
  1486 | D:3      | Found a runed translucent gate.
  1486 | D:3      | Found a runed translucent gate.
  1489 | D:3      | Noticed DanteGrimm's ghost (weakling DsCK)
  1717 | D:3      | Noticed an ice beast
  1768 | D:3      | Noticed Sigmund
  1773 | D:3      | Killed Sigmund
  1774 | D:3      | Reached XP level 6. HP: 4/38 MP: 6/6
  1941 | D:3      | Found a glowing drain.
  1955 | Sewer    | Entered a sewer
  2097 | Sewer    | Reached XP level 7. HP: 26/43 MP: 7/7
  2283 | D:3      | Noticed Terence
  2291 | D:3      | Killed Terence
  2546 | D:3      | Reached skill level 4 in Shapeshifting
  2826 | D:4      | Found a shimmering blue altar of Sif Muna.
  3172 | D:4      | Reached skill level 5 in Shapeshifting
  3202 | D:4      | Reached XP level 8. HP: 40/50 MP: 8/8
  3621 | D:4      | Reached skill level 6 in Shapeshifting
  3625 | D:4      | Reached skill level 1 in Throwing
  3625 | D:4      | Reached skill level 1 in Earth Magic
  3732 | D:5      | Entered Level 5 of the Dungeon
  4314 | D:5      | Found a glowing silver altar of Zin.
  4329 | D:5      | Found a snail-covered altar of Cheibriados.
  4662 | D:6      | Found Qioqua's Jewellery Shoppe.
  4705 | D:6      | Found Belewaps's Magic Scroll Shoppe.
  4713 | D:6      | Bought a scroll of teleportation for 39 gold pieces
  4768 | D:6      | Reached skill level 7 in Shapeshifting
  4768 | D:6      | Reached XP level 9. HP: 50/54 MP: 9/9
  5066 | D:6      | Found Xisaem's Antique Armour Boutique.
  5075 | D:6      | Noticed Duvessa
  5078 | D:6      | Noticed Dowan
  5092 | D:6      | Killed Duvessa
  5253 | D:6      | Found a transporter.
  5253 | D:6      | Found Qumouwn's Antique Weapon Emporium.
  5300 | D:6      | Killed Dowan
  5301 | D:6      | Reached skill level 5 in Stealth
  5475 | D:6      | Found Ipnaschi's Distillery.
  5573 | D:6      | Found a transporter.
  5919 | D:7      | Noticed a two-headed ogre
  5919 | D:7      | Noticed a two-headed ogre
  5932 | D:7      | Found a runed translucent door.
  5932 | D:7      | Noticed Crazy Yiuf
  5936 | D:7      | Paralysed by Crazy Yiuf for 1 turns
  5937 | D:7      | Killed Crazy Yiuf
  6009 | D:7      | Found a staircase to the Ecumenical Temple.
  6017 | Temple   | Entered the Ecumenical Temple
  6045 | Temple   | Became a worshipper of Gozag Ym Sagoz the Greedy
  6183 | D:7      | Noticed Maurice
  6188 | D:7      | Reached skill level 8 in Shapeshifting
  6192 | D:7      | Killed Maurice
  6244 | D:7      | Killed a two-headed ogre
  6245 | D:7      | Reached skill level 9 in Shapeshifting
  6245 | D:7      | Reached XP level 10. HP: 14/63 MP: 10/10
  6465 | D:7      | Killed a two-headed ogre
  6466 | D:7      | Reached skill level 1 in Evocations
  6630 | D:7      | Reached skill level 10 in Shapeshifting
  6679 | D:6      | Bought the ring of the Sunfish {Will+ rCorr Dex-4 Stlth+}
                  | for 351 gold pieces
  6960 | D:8      | Found a broken altar of Ashenzari.
  7279 | D:8      | HP: 3/63 [bullfrog (6)]
  7280 | D:8      | Slain by a bullfrog

Illustrated notes

Levels and vault maps discovered:
D:1:      minmay_arrival_doors, layout_rooms
D:2:      minmay_general_purpose_star, layout_basic,
          nicolae_ecumenical_lake_church, uniq_jessica
D:3:      layout_rooms, gup_sewer_entry_bubbles, ebering_ghost_rock_garden,
          uniq_sigmund, uniq_terence
D:4:      layout_loops_ring, led_sif_pool
D:5:      layout_loops_ring, mainiacjoe_overflow_catwalk_spiral, corner_web_ring
D:6:      layout_loops_ring, serial_shops, nicolae_shop_drivethru,
          nicolae_shop_tiny_real_fake_doors, nicolae_square_shop, shop,
          nicolae_take_the_stairs, minivault_11, nicolae_fountain_basement,
          uniq_duvessa
D:7:      layout_rooms, minmay_temple_entry_trees, nicolae_phantomly_mirrored,
          uniq_crazy_yiuf_cottage, uniq_maurice
D:8:      layout_basic, okawaru_humans, nicolae_ashenzari_panopticon
Temple:   regret_index_temple_sphere_string

Skill      XL: |  1  2  3  4  5  6  7  8  9 10 |
---------------+-------------------------------+-----
Unarmed Combat | 4 5 6 7 9 |  9.5
Stealth        | 1 2 3 4 5 |  5.5
Shapeshifting  | 5 7 9 10 | 10.1
Fighting       | 2 3 |  3.2
Throwing       | 1 |  1.0
Earth Magic    | 1 |  1.3
Dodging        | 3 |  3.4
Evocations     | 2 |  2.1

Action                     |  1- 3 |  4- 6 |  7- 9 | 10-12 || total
---------------------------+-------+-------+-------+-------++-------
  Melee: Unarmed           |    78 |   122 |   258 |    43 ||   501
         Constrict         |    19 |    26 |    61 |     8 ||   114
         Tentacles         |    16 |    20 |    62 |     9 ||   107
         Punch             |       |     7 |     7 |     2 ||    16
  Throw: Boomerang         |       |       |     5 |       ||     5
  Evoke: Wand              |       |       |     4 |     4 ||     8
    Use: Potion            |       |       |     1 |     1 ||     2
         Scroll            |       |       |     1 |       ||     1
   Stab: Sleeping          |     6 |    21 |     9 |     3 ||    39
         Distracted        |       |     1 |       |     1 ||     2
 Armour: Skin              |    32 |    51 |   108 |    29 ||   220
  Dodge: Dodged            |    45 |    55 |   157 |    25 ||   282
   Form: Flux              |       |       |     1 |       ||     1
         Blade             |       |       |       |     1 ||     1
